 Dungeon Crawl Stone Soup version 0.31.0-1-g2c135a0 (webtiles) character file.

Game seed: 15504705383658839447

69181 Chard the Severer (level 15, -7/97 HPs)
             Began as a Hill Orc Fighter on Apr 20, 2024.
             Was the Champion of Beogh.
             Killed from afar by a swamp worm (glowing shapeshifter) (8 damage)
             ... with a harpoon shot
             ... on level 1 of the Abyss.
             The game lasted 01:44:49 (20770 turns).

Chard the Severer (Hill Orc Fighter)               Turns: 20770, Time: 01:44:49

Health: -7/97      AC: 19    Str: 31      XL:     15   Next: 29%
Magic:  8/8        EV: 14    Int:  3 (4)  God:    Beogh [******]
Gold:   508        SH:  6    Dex: 12      Spells: 14/14 levels left

rFire   + . .        A - +6 hand axe of Urgency {antimagic, ^Fragile rPois rC+}
rCold   . . .        c - +0 buckler
rNeg    . . .        n - +0 plate armour
rPois   +            t - +0 helmet
rElec   .            H - scarf {rC+ rF+}
rCorr   .            y - +0 pair of gloves
SInv    .            X - +1 pair of boots
Will    +....        q - amulet of regeneration Stlth
                     M - +6 ring of strength
HPRegen 0.00/turn    j - +5 ring of evasion
MPRegen 0.11/turn

%: clarity
@: sick, unable to read
A: walk on water, iridescent scales 1, clarity, [deformed body], [deterioration
2], [dopey 2], frail 1[+2], ([teleportitis 2]), [no potion heal 2], [cold
vulnerability 2], [inability to drink after injury 2], [inability to read after
injury 2]
a: Renounce Religion, Smiting, Recall Orcish Followers, Give Item to Named
Follower, Resurrection


You were on level 1 of the Abyss.
You worshipped Beogh.
Beogh was exalted by your worship.
You visited 4 branches of the dungeon, and saw 23 of its levels.
You visited the Abyss 1 time.

You collected 2379 gold pieces.
You spent 1871 gold pieces at shops.

Inventory:

Hand Weapons
 i - the +4 war axe "Mes Akh" {protect, MP+9 Str+5}
   (You bought it in a shop on level 6 of the Dungeon)

   Str+5:     It affects your strength (+5).
   MP+9:      It affects your magic capacity (+9).
 s - the +9 trident of Kismet {freeze, Str+4}
   (You found it on level 14 of the Dungeon)

   Str+4:     It affects your strength (+4).
 v - a +1 broad axe of flaming
 A - the +6 hand axe of Urgency (weapon) {antimagic, ^Fragile rPois rC+}
   (You found it on level 4 of the Dungeon)

   rC+:       It protects you from cold.
   rPois:     It protects you from poison ^Fragile: It will be destroyed if
   unequipped.
Missiles
 D - 16 poisoned darts
 T - 11 javelins (quivered)
Armour
 c - a +0 buckler (worn)
 n - a +0 plate armour (worn)
 t - a +0 helmet (worn)
 y - a +0 pair of gloves (worn)
 H - a scarf of resistance (worn)
 X - a +1 pair of boots (worn)
Jewellery
 a - a +4 ring of protection
 e - a ring of resist corrosion
 g - a +5 ring of evasion
 j - a +5 ring of evasion (right hand)
 q - an amulet of regeneration (around neck)
 M - a +6 ring of strength (left hand)
Wands
 o - a wand of flame (97)
 B - a wand of polymorph (24)
 I - a wand of charming (26)
 N - a wand of roots (10)
 Y - a wand of mindburst (10)
Scrolls
 h - a scroll of silence
 k - 14 scrolls of teleportation
 l - 2 scrolls of summoning
 u - 2 scrolls of fog
 w - 3 scrolls of noise
 C - a scroll of revelation
 E - a scroll of enchant weapon
 J - 5 scrolls of immolation
 O - 4 scrolls of enchant armour
 Q - 2 scrolls of brand weapon
 V - a scroll of blinking
 W - 2 scrolls of fear
Potions
 b - 3 potions of brilliance
 d - 2 potions of might
 f - 2 potions of heal wounds
 m - 5 potions of curing
 p - 3 potions of lignification
 r - a potion of mutation
 z - 2 potions of resistance
 G - 2 potions of berserk rage
 K - a potion of invisibility
 L - 2 potions of haste
 P - 3 potions of ambrosia
 R - a potion of magic
 S - 3 potions of attraction
 U - a potion of enlightenment
Miscellaneous
 x - a lightning rod (4/4)
 Z - a tin of tremorstones (2/2)


   Skills:
 + Level 14.9 Fighting
 + Level 17.1 Axes
 + Level 1.0 Throwing
 + Level 14.7 Armour
 + Level 2.0 Dodging
 + Level 4.0 Stealth
 + Level 10.5 Shields
 + Level 0.7 Unarmed Combat
 * Level 13.6 Invocations
 + Level 1.8 Evocations


You had 14 spell levels left.
You didn't know any spells.
Your spell library contained the following spells:

 Spells                   Type           Power      Damage    Failure   Level
 Apportation              Tloc           0%         N/A       98%         1
 Magic Dart               Conj           0%         1d3       98%         1
 Necrotise                Necr           0%         1d4       98%         1
 Slow                     Hex            0%         N/A       98%         1
 Sting                    Conj/Alch      0%         1d3       98%         1
 Summon Small Mammal      Summ           0%         N/A       98%         1
 Blink                    Tloc           0%         N/A       99%         2
 Call Imp                 Summ           0%         N/A       99%         2
 Ensorcelled Hibernation  Hex/Ice        0%         N/A       99%         2
 Lesser Beckoning         Tloc           0%         N/A       99%         2
 Momentum Strike          Conj/Tloc      0%         3d8       99%         2
 Call Canine Familiar     Summ           0%         N/A       100%        3
 Confusing Touch          Hex            0%         N/A       100%        3
 Passwall                 Erth           0%         N/A       100%        3
 Sigil of Binding         Hex            0%         N/A       100%        3
 Swiftness                Air            0%         N/A       100%        3
 Tukima's Dance           Hex            0%         N/A       100%        3
 Vampiric Draining        Necr           0%         2d6       100%        3
 Anguish                  Hex/Necr       0%         N/A       100%        4
 Cause Fear               Hex            0%         N/A       100%        4
 Leda's Liquefaction      Alch/Erth      0%         N/A       100%        4
 Passage of Golubria      Tloc           0%         N/A       100%        4
 Summon Blazeheart Golem  Fire/Summ      0%         N/A       100%        4
 Alistair's Intoxication  Alch           0%         N/A       100%        5
 Borgnjor's Vile Clutch   Necr/Erth      0%         N/A       100%        5
 Lee's Rapid Deconstruct  Erth           0%         3d4*      100%        5
 Silence                  Hex/Air        0%         N/A       100%        5
 Yara's Violent Unravell  Hex/Alch       0%         3d3       100%        5
 Bombard                  Conj/Erth      0%         9d1       100%        6
 Eringya's Noxious Bog    Alch           0%         4d6       100%        6
 Enfeeble                 Hex            0%         N/A       100%        7
 Lehudib's Crystal Spear  Conj/Erth      0%         10d2      100%        8


Dungeon Overview and Level Annotations

Branches:
Dungeon (15/15)            Temple (1/1) D:4            Lair (5/5) D:10
  Swamp (0/4) Lair:3       Spider (0/4) Lair:3        Slime (0/5) Lair:5
    Orc (2/2) D:12            Elf (0/3) Orc:2        Vaults (0/5) D:14
 Depths (0/4) D:15

Altars:
Ashenzari
Cheibriados
Dithmenos
Elyvilon
Fedhas
Gozag
Hepliaklqana
Kikubaaqudgha
Makhleb
Nemelex Xobeh
Okawaru
Qazlal
Ru
Sif Muna
Trog
Uskayaw
Vehumet
Wu Jian
Xom
Yredelemnul
Zin
The Shining One
Jiyva

Shops:
D:2 =   D:5 (   D:6 (   Orc:1 *   Orc:2 ?*

Annotations:
D:12 Gastronok
Orc:2 Urug


Innate Abilities, Weirdness & Mutations

You can walk on water.
You are partially covered in iridescent scales. (AC +2)
You possess an exceptional clarity of mind.
[Armour fits poorly on your strangely shaped body.]
[Your body often deteriorates upon taking damage.]
[You are very dopey. (Int -4)]
[You are extremely frail. (-30% HP)]
[((You are often teleported next to monsters.))]
[Potions cannot restore your health.]
[You are very vulnerable to cold. (rC--)]
[You sometimes lose the ability to drink potions when taking damage.]
[You sometimes lose the ability to read scrolls when taking damage.]


Message History

* * * LOW HITPOINT WARNING * * *
The starcursed mass touches you!
* * * LOW HITPOINT WARNING * * *
The wretched star pulses with an eldritch light!
You occasionally lose the ability to read scrolls when taking damage.
You lose the ability to read scrolls when taking damage more often.
The starcursed mass attacks as it pursues you!
The starcursed mass barely misses you.
Found a corrupted altar of Lugonu.
Found a gateway leading deeper into the Abyss.
A deafening chorus of shrieks assaults your mind!
* * * LOW HITPOINT WARNING * * *
You feel threatened and lose the ability to read scrolls!
You suddenly lose the ability to move!
The jorogumo hits you but does no damage.
A starcursed mass splits.
You can move again.
Okay, then.
Okay, then.
The wretched star pulses with an eldritch light!
You feel frail. x2; You feel stupid. x2
You are confused.
Your system rejects the healing.
You feel invigorated.
The jorogumo changes into an elephant!
You bump into the rock wall.
The elephant tramples you but does no damage.
The elephant trunk-slaps you.
* * * LOW HITPOINT WARNING * * *
You're too confused to move!
The elephant changes into a sun moth!
You're too confused to move!
The sun moth changes into a swamp worm!
A thrashing horror comes into view.
The wretched star pulses with an eldritch light!
You feel vulnerable to cold. x2
A starcursed mass splits.
You feel less invigorated.
You feel less confused.
There is a corrupted altar of Lugonu here.
The swamp worm fires a harpoon shot at you.
The harpoon shot hits you!
You die...

#...# #.#.# ### #
#..# # #### h. # #.
.##### . .#.
..#.#........ ..
####.#... .. ..
##.##...#..#
H...... #....##
...#...... >
#>@#.##*XX.... ...
###_##.XX..........
##wX#.... . .. ..
#.#.#..##.......
###..X.#........
.##..##....... ###
X# ..... . #.


You could see 2 starcursed masses, a thrashing horror (wandering) and a swamp
worm shaped shifter.

Vanquished Creatures
  Kirke (D:15)
  A frost giant (D:15)
  Azrael (Orc:2)
  2 hydras
  Erolcha (D:11)
  2 catoblepae
  2 ogre magi (Orc:2)
  2 boulder beetles (D:14)
  2 centaur warriors
  5 death yaks
  2 tengu warriors (D:15)
  A deep troll shaman (Lair:5)
  3 two-headed ogres
  A thrashing horror (Abyss:1)
  4 skeletal warriors (D:14)
  A deep elf pyromancer (D:14)
  An orc sorcerer (Orc:2)
  3 orc knights (Orc:2)
  2 manticores
  A faun (shapeshifter) (D:14)
  6 elephants
  5 cyclopes
  2 black mambas
  A gargoyle (D:13)
  3 molten gargoyles (D:13)
  A cane toad (Lair:4)
  A cane toad (shapeshifter) (D:14)
  2 unseen horrors
  A rime drake (Lair:2)
  An efreet (D:15)
  A kobold demonologist (D:11)
  5 komodo dragons
  An ancient zyme (Abyss:1)
  2 polar bears (shapeshifter) (D:14)
  5 trolls
  A wolf spider simulacrum (D:15)
  3 hornets
  A polar bear (Lair:5)
  12 blink frogs
  A centaur simulacrum (D:15)
  6 dream sheep (Lair:5)
  18 slime creatures
  A shadow (D:11)
  Sigmund (D:4)
  A water elemental (D:11)
  A small abomination (Abyss:1)
  3 wraiths
  17 yaks
  6 hogs (D:15)
  2 wyverns
  3 basilisks
  A fire elemental (Orc:2)
  8 vampire mosquitoes
  3 vampires
  6 wargs
  2 steam dragons
  4 hell hounds (Orc:2)
  7 orc warriors
  17 water moccasins
  A black bear (D:6)
  An ice beast (shapeshifter) (D:15)
  4 ice beasts
  2 laughing skulls
  6 ogres
  4 wolves (Lair:5)
  12 centaurs
  A kobold brigand (D:8)
  2 phantoms (D:4)
  8 bullfrogs
  5 scorpions
  2 gnoll sergeants
  5 wights (D:9)
  9 killer bees
  2 electric eels (D:11)
  A howler monkey (D:7)
  2 hounds (D:5)
  9 jellies
  2 bombardier beetles
  4 orc priests
  A gnoll bouda (D:7)
  A sleepcap (D:7)
  Natasha (thrice) (D:2)
  An iguana (D:5)
  6 orc wizards
  6 hell rats
  10 gnolls
  11 adders
  A river rat (D:10)
  A shadow imp (D:7)
  2 white imps (D:7)
  2 ufetubi (D:6)
  5 ribbon worms
  24 orcs
  6 endoplasms
  4 giant cockroaches
  9 goblins
  15 hobgoblins
  11 kobolds
  A quokka (D:1)
  10 ball pythons
  5 bats
  11 frilled lizards
  5 rats
433 creatures vanquished.

Vanquished Creatures (collateral kills)
  Rupert (Lair:3)
  A hydra (Lair:5)
  An ogre mage (Orc:2)
  A catoblepas (Lair:3)
  A boulder beetle (Lair:2)
  A two-headed ogre (D:11)
  2 centaur warriors (D:13)
  A death yak (D:10)
  A swamp dragon (Lair:3)
  2 cyclopes
  10 elephants
  4 ugly things (D:14)
  2 black mambas
  A molten gargoyle (D:13)
  A black mamba (shapeshifter) (D:14)
  4 komodo dragons
  A cane toad (Lair:1)
  Jeremiah (D:9)
  7 rime drakes (Lair:4)
  A polar bear (Lair:1)
  A dream sheep (Lair:5)
  8 blink frogs
  A wyvern (Lair:3)
  4 yaks (Lair:2)
  A wraith (D:13)
  A basilisk (Lair:4)
  A fire elemental (Orc:2)
  A steam dragon (Lair:3)
  A warg (Orc:2)
  A vampire mosquito (D:13)
  6 water moccasins
  A hell hound (Orc:2)
  A laughing skull (D:14)
  3 orc warriors
  3 centaurs
  2 ogres (Orc:2)
  3 wolves (Lair:5)
  3 bullfrogs
  A jelly (Lair:5)
  2 orc priests
  An iguana (Lair:3)
  4 orc wizards (D:9)
  7 hell rats
  11 orcs
112 creatures vanquished.

Vanquished Creatures (others)
  An orc sorcerer (D:14)
  An orc high priest (D:14)
  4 orc knights
  A fire elemental (Orc:2)
  10 orc warriors
  7 orc priests
  6 orc wizards
  31 orcs
61 creatures vanquished.

Grand Total: 606 creatures vanquished

Notes
Turn   | Place    | Note
-------+----------+-------------------------------------------
     0 | D:1      | Chard the Hill Orc Fighter began the quest for the Orb.
     0 | D:1      | Reached XP level 1. HP: 19/19 MP: 1/1
    75 | D:1      | Reached XP level 2. HP: 21/27 MP: 2/2
   260 | D:1      | Reached skill level 3 in Axes
   712 | D:2      | Reached XP level 3. HP: 33/33 MP: 3/3
   805 | D:2      | Noticed Natasha
   821 | D:2      | Reached XP level 4. HP: 27/40 MP: 4/4
   823 | D:2      | Killed Natasha
   824 | D:2      | Reached skill level 4 in Axes
   849 | D:2      | Found Puviev's Jewellery Emporium.
  1489 | D:2      | Noticed Natasha
  1498 | D:2      | Killed Natasha
  1499 | D:2      | Reached XP level 5. HP: 47/47 MP: 5/5
  1529 | D:2      | Noticed Natasha
  1536 | D:2      | Killed Natasha
  1566 | D:2      | Reached skill level 5 in Axes
  1857 | D:3      | Reached XP level 6. HP: 53/53 MP: 6/6
  1969 | D:3      | Became a worshipper of Beogh the Brigand
  2345 | D:4      | Found a staircase to the Ecumenical Temple.
  2364 | D:4      | Reached skill level 6 in Axes
  2426 | Temple   | Entered the Ecumenical Temple
  2485 | D:3      | Reached skill level 5 in Fighting
  2690 | D:3      | Reached XP level 7. HP: 48/61 MP: 7/7
  2822 | D:3      | Reached skill level 7 in Axes
  3046 | D:4      | Reached * piety under Beogh
  3058 | D:4      | Reached skill level 5 in Armour
  3061 | D:4      | Identified the +6 hand axe of Urgency {antimagic, ^Fragile
                  | rPois rC+}
  3131 | D:4      | Noticed Sigmund
  3142 | D:4      | Killed Sigmund
  3143 | D:4      | Reached skill level 8 in Axes
  3143 | D:4      | Reached skill level 5 in Shields
  3143 | D:4      | Reached XP level 8. HP: 70/70 MP: 2/8
  3541 | D:5      | Entered Level 5 of the Dungeon
  3736 | D:5      | Reached skill level 9 in Axes
  3792 | D:5      | Noticed a five-headed hydra
  3793 | D:5      | Found Iczylir's Hydra Hut.
  3801 | D:5      | Bought a +1 war axe of flaming for 159 gold pieces
  4010 | D:5      | Reached skill level 10 in Axes
  4249 | D:6      | Found Osiulyg's Antique Weapon Boutique.
  4260 | D:6      | Reached XP level 9. HP: 74/75 MP: 3/9
  4265 | D:6      | Bought a fading war axe for 246 gold pieces
  4265 | D:6      | Identified the +1 war axe "Junant" {drain, rElec rF+ rCorr
                  | Int-2} (You bought it in a shop on level 6 of the Dungeon)
  4406 | D:6      | Found a radiant altar of Vehumet.
  4407 | D:6      | Found a shimmering blue altar of Sif Muna.
  4739 | D:7      | Reached ** piety under Beogh
  4965 | D:7      | Reached skill level 11 in Axes
  5375 | D:7      | Reached skill level 1 in Invocations
  5555 | D:7      | Reached XP level 10. HP: 85/86 MP: 3/11
  5865 | D:8      | Reached skill level 12 in Axes
  6083 | D:8      | Reached *** piety under Beogh
  6955 | D:9      | Noticed Jeremiah
  6973 | D:9      | Killed Jeremiah
  7033 | D:9      | Found a shimmering altar of Xom.
  7470 | D:10     | Entered Level 10 of the Dungeon
  7473 | D:10     | Noticed a death yak
  7490 | D:10     | Killed a death yak
  7491 | D:10     | Reached skill level 5 in Invocations
  7492 | D:10     | Noticed a death yak
  7492 | D:10     | Noticed a death yak
  7512 | D:10     | Killed a death yak
  7513 | D:10     | Reached skill level 13 in Axes
  7513 | D:10     | Killed a death yak
  7514 | D:10     | Reached XP level 11. HP: 59/95 MP: 3/15
  7514 | D:10     | Found a staircase to the Lair.
  7760 | D:10     | Noticed a two-headed ogre
  7767 | D:10     | Killed a two-headed ogre
  7768 | D:10     | Reached skill level 1 in Evocations
  8100 | D:10     | Reached **** piety under Beogh
  8447 | D:11     | Found a sparkling altar of Nemelex Xobeh.
  8476 | D:11     | Noticed Erolcha
  8501 | D:11     | Killed Erolcha
  8583 | D:11     | Noticed a cyclops
  8592 | D:11     | Killed a cyclops
  8798 | D:10     | Gained mutation: You are partially covered in iridescent
                  | scales. (AC +2) [potion of mutation]
  8798 | D:10     | Gained mutation: You possess an exceptional clarity of
                  | mind. [potion of mutation]
  8798 | D:10     | Gained mutation: [You are frail. (-10% HP)] [potion of
                  | mutation]
  8937 | D:11     | Reached skill level 14 in Axes
  9290 | D:11     | Reached skill level 10 in Armour
  9512 | D:12     | Noticed Gastronok
  9529 | D:12     | Noticed a manticore
  9908 | D:12     | Killed a manticore
  9957 | D:12     | Found a staircase to the Orcish Mines.
  9989 | D:12     | Reached skill level 10 in Fighting
 10007 | D:12     | Reached XP level 12. HP: 80/95 MP: 6/18
 10062 | D:11     | Reached skill level 1 in Dodging
 10643 | Lair:1   | Entered Level 1 of the Lair of Beasts
 10732 | Lair:1   | Identified a scroll of acquirement
 10732 | Lair:1   | Acquired 538 gold pieces
 10935 | D:6      | Bought a twisted war axe for 246 gold pieces
 10935 | D:6      | Identified the +4 war axe "Mes Akh" {protect, MP+9 Str+5}
                  | (You bought it in a shop on level 6 of the Dungeon)
 11588 | Lair:1   | Reached skill level 1 in Stealth
 12623 | Lair:2   | Gained Borgoth as an ally
 12628 | Lair:2   | Noticed a boulder beetle
 12642 | Lair:2   | Killed a boulder beetle
 12781 | Lair:2   | Reached ***** piety under Beogh
 13111 | Lair:3   | Reached skill level 10 in Invocations
 13118 | Lair:3   | Reached skill level 15 in Axes
 13143 | Lair:3   | Noticed Rupert
 13144 | Lair:3   | Paralysed by Rupert for 2 turns
 13155 | Lair:3   | Noticed a catoblepas
 13156 | Lair:3   | Killed Rupert
 13156 | Lair:3   | Gained Arkwar as an ally
 13157 | Lair:3   | Reached XP level 13. HP: 105/105 MP: 6/20
 13358 | Lair:3   | Found a hole to the Spider Nest.
 13398 | Lair:3   | Found a staircase to the Swamp.
 14550 | Lair:4   | Found a shadowy altar of Dithmenos.
 14948 | Lair:4   | You fall into a shaft and drop 1 floor!
 14948 | Lair:5   | Entered Level 5 of the Lair of Beasts
 15224 | Lair:5   | Gained Orgrim as an ally
 15224 | Lair:5   | Gained Warbeogh as an ally
 15392 | Lair:5   | Reached skill level 16 in Axes
 15580 | Lair:5   | Your ally Warbeogh died
 15624 | Lair:5   | Reached XP level 14. HP: 52/116 MP: 1/22
 15965 | Lair:5   | Found a viscous altar of Jiyva.
 15967 | Lair:5   | Found a staircase to the Slime Pits.
 17014 | D:13     | Reached skill level 1 in Throwing
 17483 | D:14     | Identified the +5 scale mail "Neecrasm" {Will- Str+3 Dex+2}
 17586 | D:14     | Your ally Orgrim died
 17595 | D:14     | Your ally Arkwar died
 17610 | D:14     | Your ally Borgoth died
 17931 | D:14     | Found a gate to the Vaults.
 17964 | Orc:1    | Entered Level 1 of the Orcish Mines
 18451 | D:14     | Identified the +9 trident of Kismet {freeze, Str+4}
 18620 | D:14     | Reached skill level 10 in Shields
 19259 | D:15     | Entered Level 15 of the Dungeon
 19467 | D:15     | Noticed Kirke
 19486 | D:15     | Killed Kirke
 19559 | D:15     | Reached ****** piety under Beogh
 19852 | D:15     | Found a staircase to the Depths.
 19852 | D:15     | Noticed a frost giant
 19875 | D:15     | Killed a frost giant
 19876 | D:15     | Reached XP level 15. HP: 56/125 MP: 8/24
 20248 | Orc:1    | Found Zolyhad's CLEARANCE SALE!.
 20260 | Orc:1    | Bought a scroll of teleportation for 15 gold pieces
 20281 | Orc:1    | You fall into a shaft and drop 1 floor!
 20281 | Orc:2    | Entered Level 2 of the Orcish Mines
 20290 | Orc:2    | Found a staircase to the Elven Halls.
 20299 | Orc:2    | Paralysed by an orc sorcerer for 4 turns
 20406 | Orc:2    | Noticed Azrael
 20440 | Orc:2    | Found Buraffun's Magic Scroll Emporium.
 20471 | Orc:2    | Bought a scroll of teleportation for 45 gold pieces
 20471 | Orc:2    | Bought a scroll of teleportation for 45 gold pieces
 20471 | Orc:2    | Bought a scroll of teleportation for 45 gold pieces
 20471 | Orc:2    | Bought a scroll of teleportation for 45 gold pieces
 20471 | Orc:2    | Bought a scroll of teleportation for 45 gold pieces
 20526 | Orc:2    | Reached skill level 17 in Axes
 20571 | Orc:2    | Killed Azrael
 20606 | Orc:2    | Found Fismarph's Assorted Antiques.
 20646 | Orc:2    | Bought a translucent plate armour for 980 gold pieces
 20646 | Orc:2    | Identified the +2 plate armour of the Blind Marksman {Harm
                  | rCorr Dex+4} (You bought it in a shop on level 2 of the
                  | Orcish Mines)
 20669 | Orc:2    | Noticed Urug
 20690 | Abyss:1  | Cast into level 1 of the Abyss (Urug)
 20763 | Abyss:1  | Found a corrupted altar of Lugonu.
 20763 | Abyss:1  | HP: 2/125 [starcursed mass/accursed screaming (5)]
 20763 | Abyss:1  | Paralysed by accursed screaming for 1 turns
 20770 | Abyss:1  | Killed from afar by a swamp worm (glowing shapeshifter)

Illustrated notes

Levels and vault maps discovered:
D:1:      giann_forest_graveyard, layout_basic, chequers_serial_rivers_micro_c,
          minmay_tiny_reverse_x
D:2:      layout_basic, serial_shops, shop, minmay_ruptured, uniq_natasha
D:3:      layout_basic, dk_noncrumbling_2, minmay_gold_behind_fungi, hex_large,
          dk_noncrumbling_4, chequers_serial_rivers_micro_b, minmay_lizard_king
D:4:      minmay_razor_zed, layout_rooms, minmay_temple_entry_statues_fountains,
          uniq_sigmund
D:5:      layout_loops_ring, doesnt_shop_hydraphobe
D:6:      layout_basic, mainiacjoe_overflow_divided_tiny, serial_shops,
          nicolae_shop_crystal
D:7:      minmay_bubble_buster, layout_cave_pods, serial_column_ruins,
          column_ruins_grid_1, column_ruins_open_tiny, column_ruins_grid_1,
          column_ruins_open_small, column_ruins_grid_1, minmay_diced_spiral
D:8:      layout_basic
D:9:      layout_basic, mainiacjoe_overflow_24_doors, uniq_jeremiah
D:10:     layout_roguey, dpeg_lair_monsters
D:11:     layout_basic, nemelex_lonely_heart_becter, uniq_erolcha
D:12:     layout_gridville, david_orc_3, uniq_gastronok
D:13:     layout_roguey, minivault_8
D:14:     layout_small_grid, david_vaults_2, serial_co_window_serial,
          co_window_of_opportunity_a, co_window_of_opportunity_a,
          co_window_corner_a, co_window_corner_a, co_window_of_opportunity_a,
          co_window_broadway_c, co_window_cross_3, co_window_broadway_b,
          co_window_of_opportunity_b, co_window_cross_4, co_window_broadway_a,
          glass_columns_a, serial_bayou_pond_c
D:15:     grunt_enter_depths_snipers, layout_cave_pools, serial_park,
          serial_park_tiny_pond, serial_park_square2, serial_park_tiny_2,
          corexii_leaking_fountain, uniq_kirke
Temple:   hellmonk_temple_of_storms
Lair:1:   layout_hall_layers, serial_bayou_shore_b
Lair:2:   layout_long_grid, infiniplex_staircase_pool_2
Lair:3:   layout_chaotic_city, minmay_swamp_entry_reptiles, dummy_spider_entry,
          uniq_rupert
Lair:4:   layout_misc_corridors, basic_altar, serial_bayou, serial_bayou_pond_c,
          serial_bayou_pond_a, serial_bayou_pond_c, serial_bayou_shore_b,
          minmay_lair_drake_nest, grunt_megastairs_3
Lair:5:   grunt_lair_end_beastmaster, layout_cave_pods,
          nicolae_slime_entry_field_trip
Orc:1:    layout_diamond_mine, gammafunk_ghost_grave, nicolae_shop_clearance
Orc:2:    st_orc_town, layout_caves, enter_volcano_2,
          portal_ice_cave_entry_pillars_2, nicolae_orc_tapped_out, uniq_urug,
          uniq_azrael
Abyss:1:  base: IceCv, onia_ninara_dug_in_and_dangerous

Skill      XL: |  1  2  3  4  5  6  7  8  9 10 11 12 13 14 15 |
---------------+----------------------------------------------+-----
Fighting       | 4 5 6 7 8 10 11 13 14 | 14.9
Axes           | 3 4 5 6 8 10 11 13 14 15 16 17 | 17.1
Armour         | 4 5 6 7 8 10 11 12 14 | 14.7
Shields        | 4 5 7 8 9 10 | 10.5
Invocations    | 2 5 8 10 11 13 | 13.6
Evocations     | 1 |  1.8
Dodging        | 1 2 |  2.0
Stealth        | 2 3 4 |  4.0
Throwing       | 1 |  1.0
Unarmed Combat | |  0.7

Action                     |  1- 3 |  4- 6 |  7- 9 | 10-12 | 13-15 || total
---------------------------+-------+-------+-------+-------+-------++-------
  Melee: War axe           |    84 |   169 |    43 |       |       ||   296
         Hand axe          |       |       |   275 |   604 |  1050 ||  1929
         Unarmed           |       |       |     7 |       |       ||     7
  Throw: Javelin           |       |       |       |     4 |     5 ||     9
 Invoke: Convert to Beogh  |       |     1 |       |       |       ||     1
         Smiting           |       |       |       |     2 |    11 ||    13
         Recall Orcish Fol |       |       |       |     3 |     2 ||     5
  Evoke: Wand              |       |       |       |    11 |     3 ||    14
         Lightning rod     |       |       |       |       |     3 ||     3
    Use: Potion            |       |       |     2 |     7 |     9 ||    18
         Scroll            |       |       |       |    18 |    11 ||    29
   Stab: Distracted        |       |       |       |     4 |     9 ||    13
         Paralysed         |       |       |       |     1 |       ||     1
         Petrified         |       |       |       |       |     5 ||     5
 Armour: Scale mail        |    36 |       |       |       |       ||    36
         Plate armour      |    32 |   113 |   202 |   386 |   776 ||  1509
         Skin              |       |       |     1 |       |       ||     1
  Dodge: Dodged            |    65 |   102 |   178 |   267 |   471 ||  1083
  Block: Buckler           |    22 |    39 |    73 |   135 |   235 ||   504
